 Dungeon Crawl Stone Soup version 0.20-a0-222-gb69ddcd (webtiles) character file.

85114 mopl the Polluter (level 15, 0/88 HPs)
             Began as a Deep Elf Venom Mage on Nov 28, 2016.
             Was a High Priest of Vehumet.
             Slain by a warg (12 damage)
             ... led by an orc knight
             ... on level 15 of the Dungeon on Nov 29, 2016.
             The game lasted 01:40:42 (33034 turns).

mopl the Polluter (Deep Elf Venom Mage)            Turns: 33034, Time: 01:40:43

Health: 0/88       AC: 14    Str:  5    XL:     15   Next: 37%
Magic:  31/33      EV: 20    Int: 25    God:    Vehumet [*****.]
Gold:   1698       SH:  0    Dex: 17    Spells: 7/39 levels left

rFire  + . .     SeeInvis .     b - +1 demon blade (flame)
rCold  + . .     Gourm    +     A - +1 robe {rC+ rF+}
rNeg   . . .     Faith    .     (no shield)
rPois  +         Spirit   .     L - +1 helmet
rElec  .         Reflect  .     x - +0 cloak
rCorr  .         Harm     .     Z - +1 pair of gloves
MR     +....                    (no boots)
Stlth  ++........               q - amulet of the gourmand
                                G - +6 ring of protection {=R}
                                n - ring of poison resistance

@: repel missiles
A: no striking features
a: Renounce Religion


You were on level 15 of the Dungeon.
You worshipped Vehumet.
Vehumet was extremely pleased with you.
You were full.

You visited 4 branches of the dungeon, and saw 24 of its levels.
You also visited: Labyrinth and Ossuary.

You collected 2293 gold pieces.
You spent 595 gold pieces at shops.

Inventory:

Hand Weapons
 a - a +2 quarterstaff of draining
 b - a +1 demon blade of flaming (weapon)
 i - the +4 great sword "Vozifahu" {flame, +Fly Int+5}
   (You found it on level 14 of the Dungeon)

   It has been specially enchanted to burn those struck by it, causing extra
   injury to most foes and up to half again as much damage against particularly
   susceptible opponents.
   Big, fiery blades are also staple armaments of hydra-hunters.
   It affects your intelligence (+5).
   It lets you fly.
Armour
 x - a +0 cloak (worn)
 A - a +1 robe of resistance (worn)
 L - a +1 helmet (worn)
 Z - a +1 pair of gloves (worn)
Magical Staves
 g - an uncursed staff of fire
Jewellery
 n - a ring of poison resistance (left hand)
 q - an amulet of the gourmand (around neck)
 z - an uncursed ring of positive energy
 E - an uncursed ring of fire
 G - a +6 ring of protection (right hand) {=R}
 I - an uncursed ring of flight
 K - an uncursed ring of resist corrosion
 Q - an uncursed ring of see invisible
Wands
 d - a wand of teleportation (4/9)
 f - a wand of confusion (18/48)
Scrolls
 k - 3 scrolls of magic mapping
 l - 2 scrolls of vulnerability
 s - a scroll of summoning
 t - 8 scrolls of remove curse
 u - 4 scrolls of amnesia {unknown}
 w - 2 scrolls of blinking {unknown}
 B - 2 scrolls of fear {unknown}
 C - 5 scrolls of noise {unknown}
 J - 2 scrolls of enchant armour {unknown}
 N - 3 scrolls of enchant weapon {unknown}
 P - 4 scrolls of fog
 S - 7 scrolls of teleportation
 X - a scroll of acquirement
Potions
 e - 4 potions of might
 h - 11 potions of curing
 j - a potion of agility
 m - 6 potions of lignification {!q}
 o - 6 potions of brilliance
 p - 4 potions of flight
 r - 2 potions of invisibility
 F - 3 potions of heal wounds
 U - a potion of cancellation
 W - a potion of haste
Comestibles
 c - 14 bread rations
 v - a meat ration


   Skills:
 + Level 7.9 Fighting
 + Level 11.3 Dodging
 - Level 2.4 Stealth
 + Level 12.8 Spellcasting
 + Level 12.0 Conjurations
 - Level 2.2 Translocations
 + Level 10.9 Fire Magic
 + Level 6.2 Air Magic
 * Level 16.8 Poison Magic


You had 7 spell levels left.
You knew the following spells:

 Your Spells              Type           Power        Failure   Level  Hunger
a - Sting                 Conj/Pois      ####         0%          1    None
b - Olgreb's Toxic Radia  Pois           #######.     1%          4    None
c - Conjure Flame         Conj/Fire      ######..     1%          3    None
d - Mephitic Cloud        Conj/Pois/Air  ######..     1%          3    None
e - Blink                 Tloc           N/A          2%          2    None
g - Ignite Poison         Fire/Tmut/Pois ######..     1%          3    None
i - Repel Missiles        Chrm/Air       ####..       1%          2    None
o - Searing Ray           Conj           ######       1%          2    None
p - Poison Arrow          Conj/Pois      ######....   1%          6    #####..
C - Freezing Cloud        Conj/Ice/Air   #####.....   17%         6    #####..


Dungeon Overview and Level Annotations

Branches:
Dungeon (15/15)            Temple (1/1) D:4            Lair (6/6) D:11
 Shoals (0/4) Lair:4       Spider (0/4) Lair:4        Slime (0/5) Lair:5
    Orc (2/2) D:12            Elf (0/3) Orc:2        Vaults (0/5) D:13
 Depths: D:15

Altars:
Ashenzari
Dithmenos
Elyvilon
Fedhas
Gozag
Hepliaklqana
Kikubaaqudgha
Makhleb
Nemelex Xobeh
Okawaru
Sif Muna
Trog
Vehumet
Xom
Yredelemnul
Zin
The Shining One
Beogh
Lugonu

Shops:
D:8 ::(   Orc:2 (*:[

Portals:
Trove: D:14 (give wand of heal wounds (9))


Message History

* * * LOW HITPOINT WARNING * * *
The warg completely misses you.
Unknown command.
Unknown command.
The warg bites you but does no damage.
The orc knight looks more healthy.
The warg completely misses you. The warg closely misses you.
The warg closely misses you.
You riposte.
You hit the warg. You burn the warg.
The warg is lightly wounded.
The warg misses you. The warg closely misses you. The warg closely misses you.
The warg closely misses you.
You found a teleport trap!
The warg bites you!
* * * LOW HITPOINT WARNING * * *
There is a stone staircase leading up here.
The warg bites you!
You die...

#..# #..# #..# #..#
#..# #..# #..# #..#
#..# #..#
#..###############..#
.........)....^.....#
.............o......#
...............h@...#
.#################..#
.# #..# .# #..# .#
#..# .. ..# .. ..#
..#


You could see an orc knight and a warg.

Vanquished Creatures
  Kirke (Lair:4)
  2 orc warlords (Orc:2)
  A minotaur (Lab)
  Snorg (D:12)
  An ettin (Orc:1)
  4 hydras
  A centaur warrior (D:14)
  Urug (Lair:2)
  2 orc high priests
  Sonja (Lair:4)
  3 unseen horrors
  An obsidian statue (D:8)
  4 orc knights
  A necromancer (D:13)
  5 hill giants
  2 wolf spiders (Orc:1)
  2 deep elf magi
  An ugly thing (D:11)
  2 oklob plants
  2 orc sorcerers (Orc:2)
  2 manticores
  3 cyclopes
  14 elephants
  An ice statue (D:8)
  2 black mambas (Lair:3)
  An eye of devastation (Lair:5)
  8 spiny frogs
  2 gargoyles
  A torpor snail (Lair:4)
  4 kobold demonologists (D:11)
  A rime drake (Lair:6)
  10 komodo dragons
  A jumping spider (Lair:4)
  2 meliai (D:14)
  9 trolls
  7 polar bears
  7 slime creatures
  5 hornets (Lair:6)
  A two-headed ogre (D:13)
  2 dream sheep (Lair:6)
  21 blink frogs
  16 hippogriffs
  3 redbacks
  A tarantella (shapeshifter) (D:14)
  A centaur simulacrum (D:15)
  4 water elementals (D:12)
  3 vampires
  A tarantella (Orc:1)
  14 spriggans
  2 wraiths
  2 wyverns
  35 yaks
  5 hogs (Lair:4)
  A steam dragon (D:9)
  A human (Lair:4)
  2 basilisks
  A hungry ghost (D:12)
  11 vampire mosquitoes
  A soldier ant (D:12)
  4 wargs
  2 hell hounds
  13 water moccasins
  14 porcupines
  29 orc warriors
  5 black bears
  An ice beast (D:14)
  4 phantoms
  5 sky beasts
  A necrophage (D:10)
  10 ogres
  2 eyes of draining
  42 wolves
  4 boggarts (Lair:6)
  11 centaurs
  14 crocodiles
  20 bullfrogs
  A wyvern zombie (D:10)
  3 scorpions
  3 water moccasin skeletons
  4 wights (D:13)
  11 howler monkeys
  8 crimson imps
  A bullfrog zombie (D:8)
  A quasit (D:10)
  6 centaur zombies
  A human zombie (Ossuary)
  17 orc priests
  A bullfrog skeleton (D:5)
  6 hounds
  3 jellies
  Ijyb (D:2)
  5 centaur skeletons
  24 orc wizards
  Natasha (thrice) (D:2)
  9 iguanas
  7 worker ants
  2 big kobold zombies (Ossuary)
  A hound zombie (D:7)
  3 mummies
  A hound skeleton (D:9)
  A howler monkey zombie (D:10)
  2 worker ant zombies
  19 gnolls
  5 adders
  5 shadow imps
  3 adder zombies
  An ooze (D:5)
  A worm (D:6)
  A dart slug (D:1)
  7 leopard geckos
  126 orcs
  4 ball pythons
  5 giant cockroaches
  8 goblins
  11 hobgoblins
  14 jackals
  6 kobolds
  5 quokkas
  6 bats
  5 frilled lizards
  2 goblin zombies (Ossuary)
  5 hobgoblin zombies (Ossuary)
  A jackal zombie (Ossuary)
  13 kobold zombies (Ossuary)
  A leopard gecko skeleton (D:4)
  11 orc zombies
  9 rats
  A rat zombie (Ossuary)
  A butterfly (Lair:1)
  A plant (Lair:2)
829 creatures vanquished.

Vanquished Creatures (others)
  A bullfrog (Lair:5)
  An orc priest (D:9)
  A quokka (D:9)
  4 demonic plants (D:11)
  8 fungi
  4 plants
19 creatures vanquished.

Grand Total: 848 creatures vanquished

Notes
Turn   | Place    | Note
-------+----------+-------------------------------------------
     0 | D:1      | mopl the Deep Elf Venom Mage began the quest for the Orb.
     0 | D:1      | Reached XP level 1. HP: 10/10 MP: 6/6
   214 | D:1      | Reached XP level 2. HP: 14/15 MP: 5/8
   588 | D:1      | Reached skill level 1 in Conjurations
   627 | D:1      | Reached skill level 5 in Poison Magic
   760 | D:2      | Noticed Ijyb
   829 | D:2      | Reached XP level 3. HP: 19/19 MP: 3/10
   889 | D:2      | Learned a level 3 spell: Mephitic Cloud
   893 | D:2      | Noticed Natasha
   907 | D:2      | Killed Natasha
  1185 | D:1      | Reached skill level 1 in Air Magic
  1233 | D:1      | Reached XP level 4. HP: 24/24 MP: 9/11
  1289 | D:1      | Learned a level 4 spell: Olgreb's Toxic Radiance
  1386 | D:1      | Reached skill level 4 in Spellcasting
  1589 | D:2      | Noticed Natasha
  1596 | D:2      | Killed Natasha
  1962 | D:2      | Reached XP level 5. HP: 28/28 MP: 9/13
  2070 | D:2      | Killed Ijyb
  2070 | D:2      | Reached skill level 2 in Conjurations
  2582 | D:3      | Reached skill level 6 in Poison Magic
  2788 | D:2      | Noticed Natasha
  2792 | D:2      | Killed Natasha
  2792 | D:2      | Reached skill level 2 in Air Magic
  2972 | D:3      | Reached XP level 6. HP: 32/32 MP: 12/15
  3472 | D:4      | Found a staircase to the Ecumenical Temple.
  3493 | Temple   | Entered the Ecumenical Temple
  3575 | Temple   | Became a worshipper of Vehumet
  4123 | D:4      | Reached skill level 5 in Spellcasting
  4144 | D:5      | Entered Level 5 of the Dungeon
  4985 | D:5      | Reached skill level 3 in Conjurations
  4985 | D:5      | Reached XP level 7. HP: 36/36 MP: 4/17
  4997 | D:4      | Reached skill level 7 in Poison Magic
  5177 | D:5      | Reached skill level 3 in Air Magic
  5386 | D:5      | Found a burning altar of Makhleb.
  5678 | D:5      | Reached skill level 6 in Spellcasting
  5702 | D:5      | Reached * piety under Vehumet
  5702 | D:5      | Offered knowledge of Sandblast by Vehumet.
  5711 | D:5      | Reached skill level 4 in Conjurations
  6200 | D:6      | Found a shattered altar of Ashenzari.
  6237 | D:6      | Reached XP level 8. HP: 29/41 MP: 19/19
  6343 | D:6      | Reached skill level 8 in Poison Magic
  6507 | D:6      | Found a sparkling altar of Nemelex Xobeh.
  6819 | D:6      | Learned a level 2 spell: Blink
  6822 | D:6      | Learned a level 2 spell: Repel Missiles
  6826 | D:6      | Learned a level 3 spell: Conjure Flame
  7516 | D:7      | Found a sand-covered staircase.
  7529 | D:7      | Offered knowledge of Searing Ray by Vehumet.
  7534 | D:7      | Learned a level 2 spell: Searing Ray
  7566 | Ossuary  | Entered an ossuary
  7710 | Ossuary  | Reached ** piety under Vehumet
  7903 | Ossuary  | Reached skill level 4 in Air Magic
  7914 | Ossuary  | Reached skill level 7 in Spellcasting
  8084 | Ossuary  | Reached skill level 5 in Conjurations
  8256 | D:7      | Reached skill level 9 in Poison Magic
  8531 | D:7      | Offered knowledge of Ignite Poison by Vehumet.
  8536 | D:7      | Learned a level 3 spell: Ignite Poison
  8647 | D:7      | Reached *** piety under Vehumet
  8666 | D:7      | Found an opulent altar of Gozag.
  8727 | D:7      | Reached XP level 9. HP: 45/45 MP: 14/22
  8958 | D:7      | Reached skill level 1 in Fire Magic
  8968 | D:7      | Reached skill level 8 in Spellcasting
  8968 | D:7      | Reached skill level 10 in Poison Magic
  9016 | D:7      | Reached skill level 6 in Conjurations
  9115 | D:7      | Offered knowledge of Stone Arrow by Vehumet.
  9760 | D:8      | Found Jamuyn's Book Shoppe.
  9793 | D:8      | Reached skill level 1 in Fighting
  9793 | D:8      | Reached skill level 3 in Dodging
  9793 | D:8      | Reached skill level 2 in Fire Magic
  9847 | D:8      | Found Ramoph's Weapon Shoppe.
  9927 | D:8      | Found Babethus's Book Emporium.
 10211 | D:8      | Found a basalt altar of Yredelemnul.
 10211 | D:8      | Found a hazy altar of Hepliaklqana.
 10225 | D:8      | Found a burning altar of Makhleb.
 10280 | D:8      | Reached **** piety under Vehumet
 10336 | D:8      | Noticed an ice statue
 10393 | D:8      | Reached skill level 3 in Fire Magic
 10549 | D:8      | Killed an ice statue
 10549 | D:8      | Reached skill level 2 in Fighting
 10549 | D:8      | Reached skill level 4 in Dodging
 10549 | D:8      | Reached XP level 10. HP: 50/53 MP: 15/24
 10598 | D:8      | Noticed an obsidian statue
 10753 | D:8      | Offered knowledge of Iskenderun's Battlesphere by Vehumet.
 10948 | D:9      | Reached skill level 7 in Conjurations
 11066 | D:9      | Reached skill level 9 in Spellcasting
 11067 | D:9      | Reached skill level 11 in Poison Magic
 11432 | D:9      | Reached skill level 4 in Fire Magic
 12147 | D:10     | Entered Level 10 of the Dungeon
 12460 | D:10     | Reached skill level 5 in Dodging
 12770 | D:10     | Reached skill level 3 in Fighting
 12962 | D:10     | Noticed a hill giant
 12975 | D:10     | Killed a hill giant
 13128 | D:10     | Reached skill level 5 in Fire Magic
 13141 | D:10     | Reached skill level 8 in Conjurations
 13141 | D:10     | Reached XP level 11. HP: 51/60 MP: 15/26
 13179 | D:10     | Noticed a deep elf mage
 13184 | D:10     | Killed a deep elf mage
 13184 | D:10     | Reached skill level 10 in Spellcasting
 13249 | D:10     | Reached ***** piety under Vehumet
 13405 | D:10     | Reached skill level 12 in Poison Magic
 13667 | D:10     | Reached skill level 6 in Dodging
 13740 | D:10     | Offered knowledge of Poison Arrow by Vehumet.
 13748 | D:10     | Learned a level 6 spell: Poison Arrow
 14182 | D:11     | Found a glowing golden altar of the Shining One.
 14213 | D:11     | Found a corrupted altar of Lugonu.
 14218 | D:11     | Reached skill level 4 in Fighting
 14620 | D:11     | Noticed a cyan ugly thing
 14629 | D:11     | Killed a cyan ugly thing
 14728 | D:11     | Reached skill level 6 in Fire Magic
 14776 | D:11     | Found a staircase to the Lair.
 15427 | D:11     | Noticed a hill giant
 15431 | D:11     | Killed a hill giant
 15575 | Lair:1   | Entered Level 1 of the Lair of Beasts
 15575 | Lair:1   | Noticed an oklob plant
 15600 | Lair:1   | Killed an oklob plant
 15600 | Lair:1   | Reached skill level 7 in Dodging
 15600 | Lair:1   | Reached skill level 9 in Conjurations
 15665 | Lair:1   | Reached skill level 13 in Poison Magic
 16082 | Lair:1   | Reached XP level 12. HP: 68/68 MP: 23/28
 16082 | Lair:1   | Offered knowledge of Bolt of Magma by Vehumet.
 16082 | Lair:1   | Reached skill level 5 in Fighting
 16282 | Lair:1   | Noticed a five-headed hydra
 16289 | Lair:1   | Killed a five-headed hydra
 16289 | Lair:1   | Reached skill level 7 in Fire Magic
 16769 | Lair:2   | Noticed a four-headed hydra
 16849 | Lair:2   | Reached skill level 8 in Dodging
 17182 | Lair:2   | Noticed a seven-headed hydra
 17186 | Lair:2   | Killed a seven-headed hydra
 17189 | Lair:2   | Killed a four-headed hydra
 17400 | Lair:2   | Noticed Urug
 17405 | Lair:2   | Killed Urug
 17467 | Lair:2   | Reached skill level 14 in Poison Magic
 17919 | Lair:2   | Reached skill level 10 in Conjurations
 17959 | Lair:3   | Reached skill level 8 in Fire Magic
 18473 | Lair:3   | Reached skill level 9 in Dodging
 18727 | Lair:3   | Reached skill level 6 in Fighting
 18728 | Lair:3   | Reached XP level 13. HP: 74/74 MP: 20/29
 19312 | Lair:4   | Noticed Sonja
 19315 | Lair:4   | Killed Sonja
 19399 | Lair:4   | Upgraded the game from 0.20-a0-217-g17e8ceb to 0.20-a0-222-gb69ddcd
 19522 | Lair:4   | Noticed Kirke
 19535 | Lair:4   | Killed Kirke
 19973 | Lair:4   | Found a hole to the Spider Nest.
 20037 | Lair:4   | Found a staircase to the Shoals.
 20673 | Lair:5   | Reached skill level 9 in Fire Magic
 20694 | Lair:5   | Found a staircase to the Slime Pits.
 20947 | Lair:5   | Identified a scroll of acquirement
 21170 | Lair:5   | Reached skill level 15 in Poison Magic
 21171 | Lair:5   | Reached skill level 11 in Spellcasting
 21800 | Lair:6   | Entered Level 6 of the Lair of Beasts
 21807 | Lair:6   | Identified the Compendium of Dark Talismans
 21836 | Lair:6   | Offered knowledge of Freezing Cloud by Vehumet.
 21869 | Lair:6   | Reached skill level 11 in Conjurations
 21871 | Lair:6   | Reached skill level 10 in Dodging
 21988 | Lair:6   | Learned a level 6 spell: Freezing Cloud
 22355 | Lair:6   | Reached XP level 14. HP: 80/80 MP: 20/31
 22524 | Lair:6   | Reached skill level 7 in Fighting
 23981 | D:12     | Found a staircase to the Orcish Mines.
 24028 | D:12     | Offered knowledge of Ozocubu's Refrigeration by Vehumet.
 24072 | D:12     | Reached skill level 10 in Fire Magic
 24166 | D:12     | Found a labyrinth entrance.
 24172 | Lab      | Entered a labyrinth
 25479 | D:12     | Reached skill level 1 in Translocations
 26127 | D:12     | Noticed Snorg
 26133 | D:12     | Killed Snorg
 26133 | D:12     | Reached skill level 5 in Air Magic
 26625 | D:12     | Reached skill level 12 in Spellcasting
 26970 | Orc:1    | Entered Level 1 of the Orcish Mines
 26973 | Orc:1    | Reached skill level 2 in Translocations
 27076 | Orc:1    | Reached skill level 16 in Poison Magic
 27100 | Orc:1    | Found a roughly hewn altar of Beogh.
 27688 | Orc:1    | You fall through a shaft!
 27688 | Orc:2    | Entered Level 2 of the Orcish Mines
 27816 | Orc:2    | Found a staircase to the Elven Halls.
 27896 | Orc:2    | Noticed an orc warlord
 27897 | Orc:2    | Offered knowledge of Orb of Destruction by Vehumet.
 27918 | Orc:2    | Killed an orc warlord
 28098 | Orc:2    | Noticed an orc warlord
 28103 | Orc:2    | Killed an orc warlord
 28191 | Orc:2    | Found a roughly hewn altar of Beogh.
 28328 | Orc:2    | Found Wiocs's Antique Armour Shop.
 28333 | Orc:2    | Found Legeh's General Store.
 28347 | Orc:2    | Found Ifaulelu's Book Shop.
 28361 | Orc:2    | Found Xoxowol's Antique Weapon Shop.
 28389 | Orc:2    | Bought a pair of embroidered gloves for 357 gold pieces
 28529 | Orc:2    | Bought a potion of heal wounds for 70 gold pieces
 28529 | Orc:2    | Bought a scroll of fog for 28 gold pieces
 28529 | Orc:2    | Bought a scroll of teleportation for 42 gold pieces
 28529 | Orc:2    | Bought a cursed -2 ring of slaying for 28 gold pieces
 28529 | Orc:2    | Bought a scroll of teleportation for 42 gold pieces
 28529 | Orc:2    | Bought a scroll of identify for 28 gold pieces
 29149 | D:8      | HP: 4/82 [sixfirhy[an obsidian statue] (9)]
 29432 | D:8      | Reached skill level 11 in Dodging
 29694 | D:13     | Reached XP level 15. HP: 35/88 MP: 21/33
 30025 | D:13     | Found a gate to the Vaults.
 30550 | D:13     | Offered knowledge of Bolt of Fire by Vehumet.
 30924 | D:13     | Reached skill level 6 in Air Magic
 32056 | D:14     | Found a portal to a secret trove of treasure.
 32143 | D:14     | Reached skill level 12 in Conjurations
 32163 | D:14     | Got an iridescent great sword
 32164 | D:14     | Identified the +4 great sword "Vozifahu" {flame, +Fly Int+5} (You found it on level 14 of the Dungeon)
 32337 | D:14     | Found an iron altar of Okawaru.
 32803 | D:15     | Entered Level 15 of the Dungeon
 33034 | D:15     | Slain by a warg

Vault maps used:
D:1:      saegor_arrival_simple_b, minivault_19
D:2:      uniq_iyjb, uniq_natasha
D:5:      nicolae_overflow_hidden_temple, basic_altar, first_bread,
          nrook_pool_corridor, st_stairs_14
D:6:      basic_altar, nemelex_xobeh_ov_fountains_minmay
D:7:      grunt_gozag_breadcrumbs, nicolae_ossuary_entry_giza
D:8:      minmay_separated_statues, grunt_temple_overflow_open, serial_shops,
          shop, nicolae_shop_temple_entry_statues_fountains, shop,
          minmay_orc_keep
D:9:      the_bakery, bh_walls_and_bars
D:11:     kennysheep_kobold_lugonu_temple, minmay_lair_entry_lava, basic_altar,
          minmay_misc_feat_room
D:12:     orc_0_dummy, lab_entry_generic, minmay_misc_feat_columns,
          minivault_16, nicolae_underground_beach, uniq_snorg, uniq_gastronok
D:13:     david_vaults_1
D:14:     nicolae_trove_entry_free_sample, okawaru_ov_weapons_minmay
D:15:     grunt_enter_depths_giant_problem, lemuel_round_altar
Temple:   regret_index_temple_sphere_string
Lair:1:   dpeg_stationary_puzzle, grunt_megastairs_5, lemuel_fruit_tree,
          lemuel_fruit_fields
Lair:2:   serial_bayou_crossing, lemuel_fruit_fields, grunt_megastairs_2,
          minmay_lair_oklob_chamber, uniq_urug
Lair:3:   beast_lair_carwin_10
Lair:4:   minmay_shoals_entry_centaurs, spider_nest_entry_a,
          grunt_forest_stairs_clearing, uniq_sonja, uniq_kirke
Lair:5:   minmay_slime_entry_eyes
Lair:6:   minmay_lair_end_enchanted_forest, grunt_megastairs_1
Orc:1:    nicolae_orc_accident_3, basic_altar
Orc:2:    grunt_orc_cross
Lab:      nicolae_lab_dead_adventurers
Ossuary:  ossuary_tomb_1

Skill      XL: |  1  2  3  4  5  6  7  8  9 10 11 12 13 14 15 |
---------------+----------------------------------------------+-----
Conjurations   | 1 2 3 4 5 6 8 9 10 11 12 | 12.0
Poison Magic   | 5 6 7 9 10 11 13 14 15 16 | 16.8
Air Magic      | 1 2 3 4 5 6 |  6.2
Spellcasting   | 4 5 6 7 8 9 10 11 12 | 12.8
Fire Magic     | 3 5 6 8 9 10 | 10.9
Fighting       | 2 3 4 6 7 |  7.9
Dodging        | 4 5 7 9 10 11 | 11.3
Translocations | 2 |  2.2
Stealth        | |  2.4

Action                   |  1- 3 |  4- 6 |  7- 9 | 10-12 | 13-15 || total
-------------------------+-------+-------+-------+-------+-------++-------
Melee: Short sword       |       |    21 |       |       |       ||    21
       Quarterstaff      |       |    27 |   295 |   227 |   307 ||   856
       Great sword       |       |       |    54 |       |       ||    54
       Demon blade       |       |       |       |       |   128 ||   128
 Cast: Sting             |    62 |    69 |    31 |       |     3 ||   165
       Olgreb's Toxic Ra |       |    25 |    42 |    61 |   105 ||   233
       Mephitic Cloud    |       |     1 |     5 |    23 |    10 ||    39
       Searing Ray       |       |       |    10 |    17 |     6 ||    33
       Repel Missiles    |       |       |     3 |     2 |     2 ||     7
       Blink             |       |       |     1 |     4 |     5 ||    10
       Ignite Poison     |       |       |    22 |   106 |   173 ||   301
       Conjure Flame     |       |       |       |     6 |    13 ||    19
       Poison Arrow      |       |       |       |    49 |   148 ||   197
  Use: Scroll            |       |     3 |     7 |     7 |    11 ||    28
       Potion            |       |       |       |       |     2 ||     2
 Stab: Sleeping          |       |     1 |     5 |     2 |     3 ||    11
       Distracted        |       |       |     3 |     2 |     1 ||     6
  Eat: Chunk             |     1 |    29 |    24 |    43 |    86 ||   183
Armor: Robe              |     7 |    14 |   169 |   113 |   186 ||   489
       Skin              |       |       |       |       |    17 ||    17
Dodge: Dodged            |    29 |    64 |   296 |   285 |   636 ||  1310
       Deflected         |       |       |     4 |     6 |     9 ||    19
       Rpst.: Great sword |       |       |    21 |       |       ||    21
       Demon blade       |       |       |       |       |    47 ||    47
